 Dungeon Crawl Stone Soup version 0.25-a0-834-g55863b0 (webtiles) character file.

Game seed: 7981585643263676468, levelgen mode: deterministic

31700 Hazorath the Impaler (level 13, -1/91 HPs)
             Began as a Merfolk Gladiator on Apr 22, 2020.
             Was the Champion of Makhleb.
             Slain by a catoblepas (28 damage)
             ... on level 6 of the Lair of Beasts.
             The game lasted 00:52:48 (15362 turns).

Hazorath the Impaler (Merfolk Gladiator)           Turns: 15362, Time: 00:52:48

Health: -1/91      AC: 10    Str: 20    XL:     13   Next: 59%
Magic:  25/25      EV: 20    Int: 11    God:    Makhleb [******]
Gold:   823        SH:  0    Dex: 21    Spells: 12/12 levels left

rFire    . . .     SeeInvis .   A - +6 bardiche "Kyujiuhu" {vorpal, +Rage}
rCold    + . .     Gourm    .   (shield currently unavailable)
rNeg     + . .     Faith    +   s - +0 troll leather armour
rPois    .         Spirit   .   o - +2 helmet
rElec    .         Reflect  .   e - +0 cloak
rCorr    .         Harm     .   k - +0 pair of gloves
MR       .....                  r - +0 pair of boots
Stlth    ++........             C - amulet of faith
HPRegen  0.65/turn              R - ring "Adyr" {rC+ rN+ Str+6 Int+4}
MPRegen  0.19/turn              E - +3 ring of evasion

@: no status effects
A: change form in water, swift swim, stealthy swim
a: Minor Destruction, Lesser Servant of Makhleb, Major Destruction, Greater
Servant of Makhleb, Renounce Religion, Evoke Berserk Rage


You were on level 6 of the Lair of Beasts.
You worshipped Makhleb.
Makhleb was exalted by your worship.
You were hungry.

You visited 2 branches of the dungeon, and saw 16 of its levels.
You also visited: Ice Cave.

You collected 1366 gold pieces.
You spent 543 gold pieces at shops.

Inventory:

Hand Weapons
 g - a +4 quarterstaff of chaos
 q - a +3 glaive of freezing
 A - the +6 bardiche "Kyujiuhu" (weapon) {vorpal, +Rage}
   (You acquired it on level 3 of the Lair of Beasts)

   It inflicts extra damage upon your enemies.
   It lets you go berserk.
Missiles
 d - 3 throwing nets (quivered)
Armour
 c - the +0 pair of gloves of Cualoaru {*Slow rPois MR+ rCorr}
   (You found it in an ice cave)

   It protects you from poison.
   It affects your resistance to hostile enchantments.
   It provides partial protection from all sources of acid and corrosion.
   It may slow you when you take damage.
 e - a +0 cloak (worn)
 k - a +0 pair of gloves (worn)
 o - a +2 helmet (worn)
 r - a +0 pair of boots (worn)
 s - a +0 troll leather armour (worn)
 F - the +5 ring mail of Disappointment {MR+}
   (You found it on level 9 of the Dungeon)

   It affects your resistance to hostile enchantments.
 Z - a scarf of spirit shield
Jewellery
 h - an uncursed ring of fire
 j - an uncursed ring of flight
 n - an uncursed ring of ice
 v - an uncursed ring of positive energy
 C - an amulet of faith (around neck)
 D - an uncursed amulet of magic regeneration
 E - a +3 ring of evasion (right hand)
 H - an uncursed amulet of the gourmand
 R - the ring "Adyr" (left hand) {rC+ rN+ Str+6 Int+4}
   (You acquired it on level 3 of the Lair of Beasts)

   [ring of strength]

   It affects your strength (+6).
   It affects your intelligence (+4).
   It protects you from cold.
   It protects you from negative energy.
Wands
 t - a wand of iceblast (23)
 u - a wand of paralysis (14)
 w - a wand of flame (20)
 z - a wand of disintegration (11)
 G - a wand of digging (8)
 N - a wand of acid (12)
 P - a wand of random effects (6)
Scrolls
 a - 2 scrolls of fog
 x - 2 scrolls of teleportation
 y - 3 scrolls of enchant armour
 B - 4 scrolls of blinking
 J - a scroll of holy word
 K - a scroll of identify
 L - 2 scrolls of enchant weapon
 M - a scroll of brand weapon
 Q - 2 scrolls of remove curse
 U - 2 scrolls of magic mapping
Potions
 b - a potion of mutation
 i - 10 potions of curing
 l - a potion of flight
 m - a potion of haste
 p - 2 potions of lignification
 I - 3 potions of brilliance
 O - a potion of heal wounds
 T - a potion of invisibility
 V - a potion of stabbing
 W - a potion of might
Miscellaneous
 S - a phantom mirror
Comestibles
 f - 29 rations


   Skills:
 - Level 5.2 Fighting
 + Level 18.9 Polearms
 - Level 2.0 Throwing
 - Level 6.9 Dodging
 + Level 16.4 Invocations
 - Level 5.0 Evocations


You had 12 spell levels left.
You didn't know any spells.
Your spell library contained the following spells:

 Spells                   Type           Power        Failure   Level  Hunger
 Magic Dart               Conj           #...         38%         1    ##.....
 Corpse Rot               Necr/Air       N/A          54%         2    ###....
 Ensorcelled Hibernation  Hex/Ice        #.....       54%         2    ###....
 Searing Ray              Conj           #.....       54%         2    ###....
 Sublimation of Blood     Necr           #.........   54%         2    ###....
 Confusing Touch          Hex            #.......     77%         3    ####...
 Dazzling Flash           Conj/Hex       #.....       77%         3    ####...
 Gell's Gravitas          Tloc           #.........   77%         3    ####...
 Portal Projectile        Hex/Tloc       #.....       77%         3    ####...
 Recall                   Summ/Tloc      N/A          77%         3    ####...
 Dispel Undead            Necr           #.......     99%         4    #####..
 Fulminant Prism          Conj/Hex       #.........   99%         4    #####..
 Ice Form                 Ice/Tmut       #.......     99%         4    #####..
 Iskenderun's Mystic Bla  Conj/Tloc      #.......     99%         4    #####..
 Petrify                  Tmut/Erth      #.......     99%         4    #####..
 Agony                    Necr           #.......     100%        5    ######.
 Aura of Abjuration       Summ           #.........   100%        5    ######.
 Excruciating Wounds      Chrm/Necr      #.........   100%        5    ######.
 Metabolic Englaciation   Hex/Ice        #.........   100%        5    ######.
 Summon Mana Viper        Hex/Summ       #.......     100%        5    ######.
 Yara's Violent Unravell  Hex/Tmut       #.........   100%        5    ######.
 Freezing Cloud           Conj/Ice/Air   #.........   100%        6    #######
 Ozocubu's Refrigeration  Ice            #.........   100%        6    #######
 Simulacrum               Ice/Necr       #.........   100%        6    #######


Dungeon Overview and Level Annotations

Branches:
Dungeon (10/15)            Temple (0/1) D:5            Lair (6/6) D:9
 Shoals (0/4) Lair:4        Snake (0/4) Lair:2        IceCv (visited)
  Slime: Lair:5-6       Orc: D:9-12

Altars:
Ashenzari
Cheibriados
Fedhas
Gozag
Makhleb
Nemelex Xobeh
Okawaru
Qazlal
Vehumet
Zin

Shops:
D:9 ?

Annotations:
Lair:1 3 runed translucent doors, Cunili's ghost, journeyman DsFi
Lair:5 1 runed translucent door, Noebayt's ghost, journeyman VSBe


Message History

The catoblepas gores you. The catoblepas gores you!! x2
The catoblepas gores you.
The catoblepas breathes a plume of calcifying dust at you.
The blast of calcifying dust hits you.
You are engulfed in calcifying dust.
The catoblepas breathes a plume of calcifying dust at you.
The blast of calcifying dust hits you!
You turn to flesh and can move again.
Unknown command.
The wolf howls!
You slash the catoblepas!
The catoblepas is moderately wounded.
Unknown command.
A demon appears!
The catoblepas breathes a plume of calcifying dust at you.
The blast of calcifying dust hits you.
* * * LOW HITPOINT WARNING * * *
The catoblepas gores you!!
You die...

........#...####.....##..##...
.........#...##..♣.###...#...P
.........#....#....##....#...
#.......#.............#..##
#........##........†##....#
...................#...P###
.....####..##....###.#..#
......##..4.§#.♣.##...#.#
..........h@§#§......#.##
............Y§.......### ##
.............S........#####.
h..........................#
.............###.##.......##
................#.#...#..##
#......................^..##
♣♣♣
#....P.............#P.#..#.#
..♣
♣..................PP.....#


You could see a catoblepas, a water moccasin (petrified), a wolf and a friendly
hellwing.

Vanquished Creatures
  A frost giant (IceCv)
  Nessos (Lair:4)
  Harold (D:7)
  A hydra (Lair:5)
  2 death yaks (IceCv)
  A black mamba (Lair:5)
  An ice statue (IceCv)
  2 merfolk sirens (Lair:4)
  7 spiny frogs
  2 rime drakes (Lair:1)
  2 komodo dragons
  16 polar bears
  A troll (D:9)
  5 blink frogs
  2 hornets (Lair:6)
  5 hippogriffs
  2 wyverns (D:9)
  41 yaks
  3 spriggans
  A basilisk (D:9)
  3 nagas (Lair:2)
  An acid dragon (D:9)
  6 water moccasins
  6 porcupines
  An orc warrior (D:7)
  3 black bears
  2 ice beasts (D:9)
  An ogre (D:7)
  A boggart (Lair:6)
  36 wolves
  3 centaurs
  12 crocodiles
  2 big kobolds
  7 bullfrogs
  3 wights (D:6)
  2 electric eels (D:9)
  5 crimson imps
  A centaur zombie (D:6)
  A quasit (D:9)
  10 hounds
  3 orc priests
  2 bullfrog skeletons
  A centaur skeleton (D:9)
  Crazy Yiuf (D:2)
  3 jellies
  13 orc wizards
  3 iguanas
  Natasha (thrice) (D:3)
  6 worker ants
  3 hound skeletons
  Robin (D:3)
  4 gnolls (D:5)
  7 adders
  A shadow imp (D:5)
  2 oozes
  An adder skeleton (D:8)
  An adder zombie (D:5)
  2 worms
  A dart slug (D:1)
  3 leopard geckos
  26 orcs
  3 ball pythons
  8 bats
  4 giant cockroaches
  22 goblins
  14 hobgoblins
  4 jackals
  15 kobolds
  2 quokkas
  6 frilled lizards
  2 leopard gecko skeletons
  A quokka skeleton (D:4)
  7 rats
378 creatures vanquished.

Vanquished Creatures (collateral kills)
  2 hydras
  3 blink frogs (Lair:2)
  A hippogriff (Lair:4)
  A wolf (Lair:6)
  A crocodile (Lair:1)
  A bullfrog (Lair:2)
9 creatures vanquished.

Vanquished Creatures (others)
  A yak (IceCv)
  4 wolves
  4 fungi
  5 plants
14 creatures vanquished.

Grand Total: 401 creatures vanquished

Notes
Turn   | Place    | Note
-------+----------+-------------------------------------------
     0 | D:1      | Hazorath the Merfolk Gladiator began the quest for the Orb.
     0 | D:1      | Reached XP level 1. HP: 16/16 MP: 1/1
   213 | D:1      | Reached XP level 2. HP: 23/23 MP: 2/2
   246 | D:1      | Reached skill level 5 in Polearms
   611 | D:1      | Reached XP level 3. HP: 28/28 MP: 3/3
  1008 | D:2      | Found a runed translucent door.
  1009 | D:2      | Noticed Crazy Yiuf
  1054 | D:2      | Killed Crazy Yiuf
  1054 | D:2      | Reached XP level 4. HP: 13/34 MP: 4/4
  1286 | D:2      | Found a shattered altar of Ashenzari.
  1298 | D:2      | Reached skill level 6 in Polearms
  1407 | D:2      | Found a burning altar of Makhleb.
  1409 | D:2      | Found a sparkling altar of Nemelex Xobeh.
  1477 | D:2      | Found a glowing silver altar of Zin.
  1622 | D:2      | Became a worshipper of Makhleb the Destroyer
  1821 | D:3      | Reached skill level 5 in Dodging
  1821 | D:3      | Reached XP level 5. HP: 27/41 MP: 5/5
  2075 | D:3      | Found an opulent altar of Gozag.
  2080 | D:3      | Noticed Natasha
  2084 | D:3      | Killed Natasha
  2084 | D:3      | Reached skill level 7 in Polearms
  2159 | D:3      | Noticed Natasha
  2171 | D:3      | Killed Natasha
  2183 | D:3      | Reached * piety under Makhleb
  2521 | D:3      | Noticed Robin
  2543 | D:3      | Reached XP level 6. HP: 45/48 MP: 6/6
  2557 | D:3      | Killed Robin
  2670 | D:3      | Noticed Natasha
  2688 | D:3      | Killed Natasha
  3304 | D:4      | Reached ** piety under Makhleb
  3304 | D:4      | Reached skill level 8 in Polearms
  3511 | D:4      | Reached XP level 7. HP: 46/54 MP: 7/7
  3543 | D:4      | HP: 2/55 [orc wizard/magic dart (7)]
  3548 | D:4      | HP: 1/55 [orc wizard/magic dart (8)]
  3997 | D:5      | Entered Level 5 of the Dungeon
  4072 | D:5      | Reached skill level 9 in Polearms
  4093 | D:5      | Reached skill level 1 in Invocations
  4488 | D:5      | Found a staircase to the Ecumenical Temple.
  4513 | D:5      | Reached XP level 8. HP: 58/61 MP: 10/10
  4535 | D:5      | Reached skill level 10 in Polearms
  4537 | D:5      | Paralysed by a centaur for 4 turns
  5659 | D:6      | Found a blossoming altar of Fedhas.
  5659 | D:6      | Found a radiant altar of Vehumet.
  5659 | D:6      | Found a stormy altar of Qazlal.
  5714 | D:6      | Reached skill level 11 in Polearms
  5714 | D:6      | Reached skill level 5 in Invocations
  5856 | D:6      | Reached *** piety under Makhleb
  6446 | D:7      | Reached skill level 1 in Evocations
  6508 | D:7      | Reached XP level 9. HP: 66/66 MP: 13/13
  6533 | D:7      | Reached skill level 12 in Polearms
  6767 | D:7      | Found a snail-covered altar of Cheibriados.
  6935 | D:7      | Noticed Harold
  6960 | D:7      | Killed Harold
  6960 | D:7      | Reached skill level 13 in Polearms
  7299 | D:8      | Reached skill level 5 in Evocations
  7467 | D:8      | Reached **** piety under Makhleb
  7507 | D:8      | Found an iron altar of Okawaru.
  7635 | D:9      | Reached skill level 5 in Fighting
  7767 | D:9      | Reached XP level 10. HP: 45/74 MP: 14/14
  7771 | D:9      | Reached skill level 14 in Polearms
  8331 | D:9      | Found Hojoi's Magic Scroll Shoppe.
  8343 | D:9      | Got a smoking ring mail
  8502 | D:9      | Bought a scroll of holy word for 82 gold pieces
  8502 | D:9      | Bought a scroll of identify for 22 gold pieces
  8502 | D:9      | Bought a scroll of enchant weapon for 82 gold pieces
  8502 | D:9      | Bought a scroll of enchant armour for 82 gold pieces
  8502 | D:9      | Bought a scroll of identify for 22 gold pieces
  8502 | D:9      | Bought a scroll of teleportation for 33 gold pieces
  8502 | D:9      | Bought a scroll of brand weapon for 220 gold pieces
  8816 | D:9      | Reached skill level 15 in Polearms
  8833 | D:9      | Found a staircase to the Lair.
  8971 | D:10     | Entered Level 10 of the Dungeon
  9094 | Lair:1   | Entered Level 1 of the Lair of Beasts
  9112 | Lair:1   | Found a frozen archway.
  9154 | IceCv    | Entered an ice cave
  9182 | IceCv    | Reached ***** piety under Makhleb
  9219 | IceCv    | Reached XP level 11. HP: 68/80 MP: 16/18
  9265 | IceCv    | Identified the +5 ring mail of Disappointment {MR+} (You
                  | found it on level 9 of the Dungeon)
  9760 | IceCv    | Reached skill level 10 in Invocations
 10113 | IceCv    | Noticed a death yak
 10135 | IceCv    | Noticed a death yak
 10296 | IceCv    | Killed a death yak
 10302 | IceCv    | Killed a death yak
 10444 | IceCv    | Noticed a frost giant
 10477 | IceCv    | Killed a frost giant
 10477 | IceCv    | Reached XP level 12. HP: 23/86 MP: 20/22
 10688 | IceCv    | Got a pair of smoking gloves
 10699 | IceCv    | Identified the cursed +0 pair of gloves of Cualoaru {*Slow
                  | rPois MR+ rCorr} (You found it in an ice cave)
 10710 | IceCv    | Identified the Collected Works on the Entourage and Hexes
 11191 | Lair:1   | Noticed an eight-headed hydra
 11207 | Lair:1   | Killed a nine-headed hydra
 11358 | Lair:1   | Found a runed translucent gate.
 11358 | Lair:1   | Found a runed translucent gate.
 11360 | Lair:1   | Found a runed translucent gate.
 11363 | Lair:1   | Noticed Cunili's ghost (journeyman DsFi)
 11972 | Lair:2   | Noticed a seven-headed hydra
 11990 | Lair:2   | Killed a ten-headed hydra
 11990 | Lair:2   | Reached skill level 16 in Polearms
 12399 | Lair:2   | Found a staircase to the Snake Pit.
 12657 | Lair:2   | Reached skill level 15 in Invocations
 12680 | Lair:2   | Reached skill level 17 in Polearms
 13125 | Lair:3   | Reached XP level 13. HP: 87/91 MP: 24/24
 13189 | Lair:3   | Identified 2 scrolls of acquirement
 13189 | Lair:3   | Identified the amulet of Ymur {Spirit *Drain MR+ Dex+2}
                  | (You acquired it on level 3 of the Lair of Beasts)
 13189 | Lair:3   | Identified the +6 bardiche "Kyujiuhu" {vorpal, +Rage} (You
                  | acquired it on level 3 of the Lair of Beasts)
 13229 | Lair:3   | Identified the ring "Adyr" {rC+ rN+ Str+6 Int+4} (You
                  | acquired it on level 3 of the Lair of Beasts)
 13320 | Lair:3   | You fall into a shaft and drop 2 floors!
 13521 | Lair:4   | Noticed Nessos
 13529 | Lair:4   | Killed Nessos
 13761 | Lair:4   | Reached skill level 18 in Polearms
 13814 | Lair:4   | Found a staircase to the Shoals.
 14808 | Lair:5   | Found a runed translucent door.
 14812 | Lair:5   | Identified the +7 spear "Nashreywiz" {drain, *Noise rPois
                  | rN+ Int+4}
 14812 | Lair:5   | Noticed Noebayt's ghost (journeyman VSBe)
 14860 | Lair:6   | Entered Level 6 of the Lair of Beasts
 14880 | Lair:6   | Reached ****** piety under Makhleb
 15265 | Lair:6   | Identified the amulet "Vumaaf" {Harm *Drain +Inv rPois
                  | Str+2 Int+5} (You acquired it on level 6 of the Lair of
                  | Beasts)
 15362 | Lair:6   | Slain by a catoblepas

Levels and vault maps discovered:
D:1:      evilmike_arrival_crescent, layout_basic, serial_curves,
          eino_curves_03, eino_curves_03, eino_curves_03,
          minmay_misc_feat_ornament
D:2:      layout_rooms, ashenzari_altar_1,
          chequers_temple_overflow_statue_of_worship, zin_scriptorium,
          first_ration, uniq_crazy_yiuf_cottage
D:3:      layout_rooms, lemuel_crystal_altar, uniq_robin, uniq_natasha
D:4:      layout_rooms
D:5:      layout_layer_cave, minmay_temple_entry_grid
D:6:      layout_layer_cave, gammafunk_temple_overflow_claw
D:7:      layout_basic, cheibrodos_worm_habitat, the_bakery, grunt_ministairs_6,
          uniq_harold
D:8:      layout_rooms, kennysheep_okawaru_gauntlet
D:9:      layout_basic, erik_lair_dragon, serial_shops, nicolae_shop_waterfront,
          minivault_14
D:10:     layout_roguey, hiddenorc1_lemuel, st_stairs_1, minmay_misc_feat_room,
          nicolae_ru_the_path_less_chosen
Lair:1:   layout_regular_city, gammafunk_ghost_necromancy, portal_ice_cave_rime,
          grunt_forest_small_clearing_treed, grunt_megastairs_1
Lair:2:   layout_roguey, minmay_snake_entry_guardpost_small, grunt_megastairs_4
Lair:3:   layout_big_grid
Lair:4:   layout_hall_layers, elwin_shoals_entry_rooms, uniq_nessos
Lair:5:   layout_cave_pods, ebering_ghost_funeral_grove
Lair:6:   minmay_lair_end_enchanted_forest, layout_gridlike, slime_altar_1,
          ebering_ghost_reflecting_pool, serial_bayou_pond_e,
          grunt_megastairs_5, serial_bayou_shore_a, lemuel_fruit_fields

Skill      XL: |  1  2  3  4  5  6  7  8  9 10 11 12 13 |
---------------+----------------------------------------+-----
Polearms       | 5 6 7 8 9 11 13 15 17 18 | 18.9
Fighting       | 3 4 5 |  5.2
Dodging        | 5 6 |  6.9
Invocations    | 3 5 9 13 15 16 | 16.4
Evocations     | 1 5 |  5.0
Throwing       | |  2.0

Action                   |  1- 3 |  4- 6 |  7- 9 | 10-12 | 13-15 || total
-------------------------+-------+-------+-------+-------+-------++-------
Melee: Trident           |    72 |   254 |   453 |   650 |       ||  1429
       Tailslap          |       |       |       |    10 |       ||    10
       Glaive            |       |       |       |   209 |     6 ||   215
       Bardiche          |       |       |       |       |   140 ||   140
Invok: Lesser Servant of |       |       |     1 |     5 |     1 ||     7
       Minor Destruction |       |       |       |    10 |     7 ||    17
       Greater Servant o |       |       |       |       |     2 ||     2
Evoke: Wand              |       |       |       |       |     1 ||     1
  Use: Scroll            |     5 |     5 |     9 |     6 |     9 ||    34
       Potion            |     1 |       |     8 |     3 |     1 ||    13
 Stab: Sleeping          |       |     3 |     4 |     1 |     3 ||    11
       Distracted        |       |       |       |     6 |     1 ||     7
       Petrified         |       |       |       |       |     2 ||     2
  Eat: Chunk             |       |     9 |    10 |    17 |     7 ||    43
       Ration            |       |       |     1 |       |       ||     1
Armor: Leather armour    |    14 |    55 |    62 |     1 |       ||   132
       Troll leather arm |       |       |       |   147 |    41 ||   188
Dodge: Dodged            |    21 |   133 |   208 |   612 |   173 ||  1147

Table legend:
 A = Non-vault XP
 B = Vault XP
 C = Vault XP percentage of total XP
 D = Non-vault monster count
 E = Vault monster count
 F = Vault count percentage of total count
                 A         B        C        D         E       F
            +---------+---------+-------+---------+---------+-------
      Total |   23035 |   22252 |  49.1 |     287 |     102 |  26.2
            +---------+---------+-------+---------+---------+-------
        D:1 |      35 |       0 |   0.0 |      20 |       0 |   0.0
        D:2 |      68 |      40 |  37.0 |      22 |       1 |   4.3
        D:3 |     220 |      75 |  25.4 |      33 |      14 |  29.8
        D:4 |     308 |       0 |   0.0 |      15 |       0 |   0.0
        D:5 |     676 |       0 |   0.0 |      25 |       0 |   0.0
        D:6 |     544 |       0 |   0.0 |      19 |       0 |   0.0
        D:7 |     674 |    1072 |  61.4 |      14 |       4 |  22.2
        D:8 |     707 |       4 |   0.6 |      25 |       2 |   7.4
        D:9 |    1877 |     880 |  31.9 |      23 |       5 |  17.9
       D:10 |     228 |       0 |   0.0 |       1 |       0 |   0.0
     Lair:1 |     865 |    1479 |  63.1 |       5 |       3 |  37.5
     Lair:2 |    9157 |     486 |   5.0 |      48 |       3 |   5.9
     Lair:3 |     865 |       0 |   0.0 |       6 |       0 |   0.0
     Lair:4 |     547 |    2257 |  80.5 |       3 |       3 |  50.0
     Lair:5 |    4024 |       0 |   0.0 |      15 |       0 |   0.0
     Lair:6 |    2240 |    3471 |  60.8 |      13 |      18 |  58.1
      IceCv |       0 |   12488 | 100.0 |       0 |      49 | 100.0
            +---------+---------+-------+---------+---------+-------
